 Dungeon Crawl Stone Soup version 0.23.2-1-ga50397a (webtiles) character file.

Game seed: 2953063372534008400

291 MalarOregon the Spear-Bearer (level 6, 0/48 HPs)
             Began as a Merfolk Gladiator on May 13, 2019.
             Killed from afar by Dowan (17 damage)
             ... with a shard of ice
             ... on level 4 of the Dungeon.
             The game lasted 00:04:03 (2299 turns).

MalarOregon the Spear-Bearer (Merfolk Gladiator)    Turns: 2299, Time: 00:04:03

Health: 0/48       AC: 13    Str: 15    XL:     6   Next: 32%
Magic:  6/6        EV:  5    Int:  9    God:
Gold:   88         SH:  4    Dex: 15    Spells: 5/5 levels left

rFire    + . .     SeeInvis .   a - +0 trident
rCold    . . .     Gourm    .   i - +0 buckler
rNeg     . . .     Faith    .   g - +2 plate armour {rF+}
rPois    .         Spirit   .   c - +0 helmet
rElec    .         Reflect  .   (no cloak)
rCorr    .         Harm     .   h - -1 pair of gloves
MR       .....                  (no boots)
Stlth    ..........             (no amulet)
HPRegen  0.16/turn              (no ring)
MPRegen  0.10/turn              (no ring)

@: no status effects
A: change form in water, swift swim, stealthy swim
a: no special abilities


You were on level 4 of the Dungeon.
You were not hungry.

You visited 1 branch of the dungeon, and saw 4 of its levels.

You collected 88 gold pieces.

Inventory:

Hand Weapons
 a - a +0 trident (weapon)
Missiles
 d - 3 throwing nets (quivered) {!f}
Armour
 c - a +0 helmet (worn)
 g - a +2 plate armour of fire resistance (worn)
   (You found it on level 1 of the Dungeon)
 h - a -1 pair of gloves (worn)
   (You found it on level 1 of the Dungeon)
 i - a +0 buckler (worn)
   (You found it on level 3 of the Dungeon)
Wands
 t - a wand of flame (18)
   (You found it on level 4 of the Dungeon)
 x - a wand of acid (9)
   (You found it on level 3 of the Dungeon)
Scrolls
 b - a scroll of amnesia
 f - a scroll of blinking
 r - 2 scrolls of remove curse {@r2}
Potions
 l - a potion of haste {@q3}
 m - 2 potions of might
 n - a potion of resistance {unknown}
 o - a potion of agility
 p - a potion of brilliance
 u - a potion of flight
 v - a potion of lignification {unknown}
Comestibles
 e - 6 rations {!d}
 z - 2 chunks of flesh


   Skills:
 + Level 4.2 Fighting
 * Level 8.2 Polearms
 - Level 2.0 Throwing
 - Level 4.0 Dodging
 + Level 1.4 Shields


You had 5 spell levels left.
You didn't know any spells.
Your spell library was empty.

Dungeon Overview and Level Annotations

Branches:
Dungeon (4/15)
 Temple: D:4-7

Altars:
Elyvilon
Fedhas
Kikubaaqudgha
Nemelex Xobeh
Qazlal
Uskayaw

Annotations:
D:4 Dowan


Message History

You feel clever. Dowan gestures at you while chanting.
The stone arrow hits you!
* * * LOW HITPOINT WARNING * * *
You are too injured to fight recklessly!
Attack whom?
Aim: Dowan, wielding a -2 dagger and wearing a +0 robe (fast)
You reach to attack!
You closely miss Dowan.
Attack whom?
Aim: Dowan, wielding a -2 dagger and wearing a +0 robe (fast)
You hit Dowan but do no damage. Dowan hits you but does no damage.
Dowan casts a spell.
Dowan blinks!
Attack whom?
That would be overly suicidal.
Okay, then.
You start resting.
Dowan is too close now for your liking.
You are too injured to fight recklessly!
Attack whom?
Aim: Dowan, wielding a -2 dagger and wearing a +0 robe (fast)
You reach to attack!
Your plate armour prevents you from hitting Dowan.
Dowan says, "Her death will not be in vain!"
Attack whom?
Aim: Dowan, wielding a -2 dagger and wearing a +0 robe (fast)
You miss Dowan. You block Dowan's attack.
Attack whom?
Aim: Dowan, wielding a -2 dagger and wearing a +0 robe (fast)
You hit Dowan but do no damage. Dowan hits you but does no damage.
Dowan points at you and mumbles some strange words.
The stone arrow hits you!
* * * LOW HITPOINT WARNING * * *
Attack whom?
Aim: Dowan, wielding a -2 dagger and wearing a +0 robe (fast)
You hit Dowan but do no damage. Dowan hits you but does no damage.
Attack whom?
Aim: Dowan, wielding a -2 dagger and wearing a +0 robe (fast)
You closely miss Dowan. Dowan hits you but does no damage. x2
Attack whom?
Aim: Dowan, wielding a -2 dagger and wearing a +0 robe (fast)
Your shield and plate armour prevent you from hitting Dowan.
Dowan gestures wildly while chanting.
Dowan blinks!
Attack whom?
Okay, then.
You start resting.
Dowan points at you and mumbles some strange words.
The shard of ice hits you!
You die...

#.# #####.....#* *,,,* #.#
#.....>...# **,,,*
##.####.###..##.# *,,,,*
#.))....# #.###.# *,,***
...###### #.# #.# *,,* ...# #.#
#.## *,,* .### ##.# #..# ***,,*
.# #..# ##.### *,,,,* .# ##.##
#@§.# ***,**,* .### ####..#
###e# *,,,**,* ...###(...## #.#
**,****,* ##.....#### #§# *,,*
*,,* #..#### #.#**.#***,***
#..#** #e#,..**,,,,,* *#...,*
####.#.#***,,,,,* *..##.*
##......## *,,,,,*
..##*.#*****##........#**,,,,,*


You could see Dowan.

Vanquished Creatures
  Duvessa (D:4)
  A hound skeleton (D:4)
  3 gnolls (D:4)
  4 adders
  2 oozes
  3 dart slugs (D:1)
  4 leopard geckos
  An orc (D:3)
  3 ball pythons
  10 bats
  6 giant cockroaches
  2 goblins
  15 hobgoblins
  8 jackals
  4 quokkas
  4 frilled lizards
  11 kobolds
  A quokka skeleton (D:4)
  9 rats
92 creatures vanquished.

Notes
Turn   | Place    | Note
-------+----------+-------------------------------------------
     0 | D:1      | MalarOregon the Merfolk Gladiator began the quest for the
                  | Orb.
     0 | D:1      | Reached XP level 1. HP: 16/16 MP: 1/1
    84 | D:1      | Reached skill level 5 in Polearms
    84 | D:1      | Reached XP level 2. HP: 23/23 MP: 2/2
   536 | D:1      | Reached XP level 3. HP: 28/28 MP: 3/3
   688 | D:1      | Reached skill level 6 in Polearms
   878 | D:2      | Found an ancient bone altar of Kikubaaqudgha.
   886 | D:2      | Reached XP level 4. HP: 30/35 MP: 4/4
  1283 | D:3      | Found a blossoming altar of Fedhas.
  1289 | D:3      | Found a white marble altar of Elyvilon.
  1291 | D:3      | Found a hide-covered altar of Uskayaw.
  1294 | D:3      | Found a sparkling altar of Nemelex Xobeh.
  1409 | D:3      | Reached skill level 7 in Polearms
  1450 | D:3      | Reached XP level 5. HP: 41/41 MP: 5/5
  1581 | D:3      | Found a stormy altar of Qazlal.
  2227 | D:4      | Noticed Duvessa
  2228 | D:4      | Noticed Dowan
  2285 | D:4      | Killed Duvessa
  2285 | D:4      | Reached skill level 8 in Polearms
  2285 | D:4      | Reached skill level 1 in Shields
  2285 | D:4      | Reached XP level 6. HP: 34/48 MP: 6/6
  2299 | D:4      | Killed from afar by Dowan

Skill      XL: |  1  2  3  4  5 |
---------------+----------------+-----
Polearms       | 5 6 7 8 |  8.2
Fighting       | 3 4 |  4.2
Shields        | 1 |  1.4
Throwing       | |  2.0
Dodging        | |  4.0

Action                   |  1- 3 |  4- 6 || total
-------------------------+-------+-------++-------
Melee: Trident           |   115 |   235 ||   350
       Tailslap          |       |     2 ||     2
  Use: Scroll            |       |    12 ||    12
  Eat: Chunk             |       |     5 ||     5
Armor: Plate armour      |    72 |   127 ||   199
       Leather armour    |     1 |       ||     1
Dodge: Dodged            |    37 |    41 ||    78
Block: Buckler           |       |     6 ||     6
